 Dungeon Crawl Stone Soup version 0.28.0 (webtiles) character file.

Game seed: 10349277689971360298

198 ragingrage the Chopper (level 5, 0/72 HPs)
             Began as a Minotaur Berserker on Feb 7, 2022.
             Was a Believer of Trog.
             Slain by an adder (2 damage)
             ... on level 2 of the Dungeon.
             The game lasted 00:00:47 (1323 turns).

ragingrage the Chopper (Minotaur Berserker)         Turns: 1323, Time: 00:00:47

Health: 0/72       AC:  2    Str: 24    XL:     5   Next: 47%
Magic:  4/4        EV: 12    Int:  4    God:    Trog [**....]
Gold:   21         SH:  0    Dex:  9    Spells: 4/4 levels left

rFire   . . .      SeeInvis .   a - +0 hand axe
rCold   . . .      Faith    .   (no shield)
rNeg    . . .      Spirit   .   b - +0 animal skin
rPois   .          Reflect  .   (helmet restricted)
rElec   .          Harm     .   (no cloak)
rCorr   .          Rampage  .   (no gloves)
Will    .....                   (no boots)
Stlth   ..........              (no amulet)
HPRegen 0.22/turn               (no ring)
MPRegen 0.09/turn               (no ring)

@: berserking, lethally poisoned (0 -> -11), very quick
A: horns 2, retaliatory headbutt
a: Renounce Religion, Berserk, Trog's Hand


You were on level 2 of the Dungeon.
You worshipped Trog.
Trog was pleased with you.
You visited 1 branch of the dungeon, and saw 2 of its levels.

You collected 21 gold pieces.

Inventory:

Hand Weapons
 a - a +0 hand axe (weapon)
Armour
 b - a +0 animal skin (worn)
Scrolls
 d - a scroll of noise {unknown}
 f - a scroll of amnesia {unknown}
Potions
 c - a potion of magic {unknown}
 e - a potion of degeneration {unknown}


   Skills:
 + Level 5.2 Fighting
 * Level 6.5 Axes
 - Level 2.4 Armour
 - Level 2.1 Dodging


You had 4 spell levels left.
You didn't know any spells.
Your spell library was empty.

Dungeon Overview and Level Annotations

Branches:
Dungeon (2/15)

Altars:


Innate Abilities, Weirdness & Mutations

You have a pair of horns on your head.
You reflexively headbutt those who attack you in melee.


Message History

The adder bites you.
You are more poisoned.
The adder poisons you!
You slash the adder!
You kill the adder!
Trog accepts your kill.
You barely miss the adder.
You feel very sick. The adder bites you.
A red film seems to cover your vision as you go berserk!
You feel yourself moving faster!
You feel mighty!
You feel sick. The adder bites you.
You are more poisoned.
The adder poisons you!
You slash the adder!
The adder is severely wounded.
You feel very sick. The adder bites you.
* * * LOW HITPOINT WARNING * * *
You closely miss the adder.
The adder is severely wounded.
You feel sick. The adder bites you.
* * * LOW HITPOINT WARNING * * *
You closely miss the adder.
The adder is severely wounded.
You feel sick. The adder bites you.
* * * LOW HITPOINT WARNING * * *
You are lethally poisoned!
The adder poisons you!
You miss the adder.
The adder is severely wounded.
* * * LOW HITPOINT WARNING * * *
You feel sick. The adder bites you.
* * * LOW HITPOINT WARNING * * *
You are too berserk!
You hit the adder.
The adder is almost dead.
* * * LOW HITPOINT WARNING * * *
You feel sick. The adder bites you.
You die...

#. #. #. #######
#.###########......
#.#................
#.#.########.......
#.#.#.##.............
#...@..........#####.
###S..##.......# #.
..............# #.
###.#.#........# #.
..#..........# #. #+#
...#.........## #.
#.# ....#...#+#### #.
#.# ....#...# # ####.
#.# ......#.# #....


You could see an adder.

Vanquished Creatures
  A water moccasin skeleton (D:2)
  An orc priest (D:2)
  Jessica (D:2)
  6 adders (D:2)
  2 worms (D:2)
  4 orcs (D:2)
  4 bats
  An endoplasm (D:2)
  A giant cockroach (D:2)
  2 goblins (D:2)
  2 hobgoblins (D:2)
  4 jackals (D:2)
  2 ball pythons
  A frilled lizard (D:2)
  3 kobolds (D:2)
  2 rats (D:1)
37 creatures vanquished.

Notes
Turn   | Place    | Note
-------+----------+-------------------------------------------
     0 | D:1      | ragingrage the Minotaur Berserker began the quest for the
                  | Orb.
     0 | D:1      | Reached XP level 1. HP: 19/19 MP: 0/0
   364 | D:1      | You fall into a shaft and drop 1 floor!
   367 | D:2      | Noticed an orc priest
   371 | D:2      | Reached skill level 4 in Axes
   372 | D:2      | Reached XP level 2. HP: 19/27 MP: 1/1
   380 | D:2      | Reached skill level 5 in Axes
   380 | D:2      | Reached XP level 3. HP: 22/34 MP: 2/2
   434 | D:2      | Reached XP level 4. HP: 14/41 MP: 3/3
  1110 | D:2      | Noticed Jessica
  1115 | D:2      | Killed Jessica
  1116 | D:2      | Reached skill level 6 in Axes
  1138 | D:2      | Reached skill level 5 in Fighting
  1138 | D:2      | Reached XP level 5. HP: 46/48 MP: 4/4
  1197 | D:2      | Reached ** piety under Trog
  1323 | D:2      | HP: 2/72 [poisoned by an adder]
  1323 | D:2      | Slain by an adder

Illustrated notes

Levels and vault maps discovered:
D:1:      minmay_arrival_up_and_down, layout_basic, minmay_small_reverse_x
D:2:      layout_basic, kennysheep_generic_room_6, uniq_jessica

Skill      XL: |  1  2  3  4 |
---------------+-------------+-----
Axes           | 4 5 6 |  6.5
Fighting       | 4 5 |  5.2
Armour         | |  2.4
Dodging        | |  2.1

Action                   |  1- 3 |  4- 6 || total
-------------------------+-------+-------++-------
Melee: Hand axe          |    27 |    66 ||    93
       Headbutt          |     2 |     7 ||     9
Invok: Berserk           |     1 |     1 ||     2
Armor: Animal skin       |     7 |    12 ||    19
Dodge: Dodged            |    16 |    35 ||    51
